 Dungeon Crawl Stone Soup version 0.24-a0-500-g46574c2197 (webtiles) character file.

Game seed: 2325784361689896329

329 KristoblXynda the Slasher (level 6, -4/48 HPs)
             Began as a Draconian Skald on July 15, 2019.
             Slain by a hornet (15 damage)
             ... on level 4 of the Dungeon.
             The game lasted 00:06:18 (4095 turns).

KristoblXynda the Slasher (Draconian Skald)         Turns: 4095, Time: 00:06:18

Health: -4/48      AC:  8    Str: 14    XL:     6   Next: 25%
Magic:  8/9        EV: 13    Int: 15    God:
Gold:   147        SH:  0    Dex: 10    Spells: 3/9 levels left

rFire    . . .     SeeInvis .   a - +0 falchion
rCold    . . .     Gourm    .   (no shield)
rNeg     . . .     Faith    .   (armour unavailable)
rPois    .         Spirit   .   (helmet restricted)
rElec    .         Reflect  .   t - +0 cloak
rCorr    .         Harm     .   (no gloves)
MR       .....                  w - +0 pair of boots
Stlth    ++........             (no amulet)
HPRegen  0.16/turn              h - ring of stealth
MPRegen  0.11/turn              (no ring)

@: infused, slowed, very slow
A: unfitting armour, cold-blooded, AC +6
a: no special abilities


You were on level 4 of the Dungeon.
You were not hungry.

You visited 1 branch of the dungeon, and saw 4 of its levels.

You collected 147 gold pieces.

Inventory:

Hand Weapons
 a - a +0 falchion (weapon)
Armour
 t - a +0 cloak (worn)
 w - a +0 pair of boots (worn)
Jewellery
 h - a ring of stealth (left hand)
Scrolls
 e - a scroll of fear {unknown}
 f - 2 scrolls of teleportation
 j - a scroll of remove curse
 k - a scroll of blinking
 s - a scroll of amnesia {unknown}
Potions
 d - a potion of agility {unknown}
 g - 3 potions of mutation
 i - a potion of brilliance {unknown}
 m - a potion of resistance {unknown}
 n - a potion of might {unknown}
 o - a potion of degeneration {unknown}
 p - a potion of flight {unknown}
 q - a potion of haste {unknown}
 r - a potion of lignification {unknown}
 u - a potion of magic {unknown}
Comestibles
 c - 7 rations
 v - 4 chunks of flesh


   Skills:
 - Level 2.1 Fighting
 * Level 4.9 Long Blades
 + Level 3.5 Dodging
 - Level 2.0 Spellcasting
 + Level 3.9 Charms


You had 3 spell levels left.
You knew the following spells:

 Your Spells              Type           Power        Failure   Level  Hunger
a - Infusion              Chrm           ##..         4%          1    #......
b - Regeneration          Chrm/Necr      #.........   30%         3    ###....
c - Song of Slaying       Chrm           ##......     7%          2    ###....

Your spell library contained the following spells:

 Spells                   Type           Power        Failure   Level  Hunger
 Shroud of Golubria       Chrm/Tloc      #.....       16%         2    ###....
 Spectral Weapon          Hex/Chrm       #.......     30%         3    ###....


Dungeon Overview and Level Annotations

Branches:
Dungeon (4/15)
 Temple: D:4-7

Altars:
Sif Muna
Trog
Yredelemnul

Annotations:
D:3 1 runed translucent door, Inarius's ghost, amateur DsHu


Innate Abilities, Weirdness & Mutations

Your plain brown scales are hard. (AC +6)
You cannot fit into any form of body armour.
You are cold-blooded and may be slowed by cold attacks.


Message History

Casting: Infusion (safe; 4% risk of failure)
Confirm with . or Enter, or press ? or * to list all spells.
You begin infusing your attacks with magical energy.
The hornet stings you.
You feel yourself slow down. The hornet stings you!
* * * LOW HITPOINT WARNING * * *
You feel as though you will be slow longer.
Unknown command.
Throwing (i - inventory)
x - a throwing net (quivered)
Press: ? - help, Shift-Dir - straight line, f - hornet
Aim: a hornet You throw a throwing net.
The throwing net completely misses the hornet.
The hornet stings you!
* * * LOW HITPOINT WARNING * * *
You are lethally poisoned!
You feel as though you will be slow longer.
A giant cockroach comes into view.
The hornet stings you but does no damage.
You feel better. The hornet stings you!
You die...

.. #.### ###...# .# ###
#.....# #.. ..# #.##..#
#.## #.#######.##..#
#...###@....##.##..#####
###.#..#y####.##.##.......
.....s.r........###.#####
.#..>...............#
....(.#.#####.#####.#
##.#.##.# #.# #.# #...)..#
#.# #.# #...##.# #.# #.#
#... #.#####.# #.#


You could see a hornet, a quokka and a giant cockroach (wandering).

Vanquished Creatures
  2 centaur skeletons (D:4)
  2 orc priests
  3 worker ants (D:4)
  5 adders
  An ooze (D:1)
  A worm (D:3)
  2 dart slugs
  A leopard gecko (D:3)
  7 orcs (D:3)
  6 giant cockroaches
  3 goblins
  10 hobgoblins
  7 jackals
  8 kobolds
  A quokka (D:3)
  7 bats
  5 frilled lizards
  12 rats
83 creatures vanquished.

Notes
Turn   | Place    | Note
-------+----------+-------------------------------------------
     0 | D:1      | KristoblXynda the Draconian Skald began the quest for the
                  | Orb.
     0 | D:1      | Reached XP level 1. HP: 17/17 MP: 3/3
   340 | D:1      | Reached XP level 2. HP: 24/24 MP: 5/5
   575 | D:1      | Reached XP level 3. HP: 16/29 MP: 6/6
   769 | D:1      | Reached skill level 3 in Long Blades
  1539 | D:2      | Learned a level 3 spell: Regeneration
  1542 | D:2      | Learned a level 2 spell: Song of Slaying
  1592 | D:2      | Found a deep blue altar of Sif Muna.
  1641 | D:2      | Reached XP level 4. HP: 35/36 MP: 7/7
  2219 | D:3      | Found a basalt altar of Yredelemnul.
  2220 | D:3      | Found a bloodstained altar of Trog.
  2610 | D:3      | Found a runed translucent door.
  2612 | D:3      | Noticed Inarius's ghost (amateur DsHu)
  2813 | D:3      | Reached skill level 4 in Long Blades
  2813 | D:3      | Reached XP level 5. HP: 34/41 MP: 4/8
  2867 | D:3      | HP: 1/41 [orc/+0 club (7)]
  3144 | D:3      | Noticed a troll
  3236 | D:4      | HP: 2/41 [poisoned by a worker ant]
  3868 | D:4      | Noticed a hornet
  3947 | D:4      | Reached XP level 6. HP: 44/48 MP: 9/9
  4095 | D:4      | Slain by a hornet

Levels and vault maps discovered:
D:1:      minmay_arrival_four_houses, layout_basic, minmay_heptomino_w4
D:2:      layout_basic, led_sif_pool
D:3:      layout_rooms, nicolae_overflow_hidden_temple,
          ebering_ghost_inner_flame
D:4:      layout_loops_ring, temple_fountains

Skill      XL: |  1  2  3  4 |
---------------+-------------+-----
Charms         | 3 |  3.9
Long Blades    | 3 4 |  4.9
Dodging        | 3 |  3.5
Fighting       | |  2.1
Spellcasting   | |  2.0

Action                   |  1- 3 |  4- 6 || total
-------------------------+-------+-------++-------
Melee: Falchion          |    99 |   148 ||   247
       Tailslap          |    16 |    15 ||    31
Throw: Throwing net      |       |     1 ||     1
 Cast: Infusion          |     3 |     8 ||    11
  Use: Scroll            |     1 |     7 ||     8
       Potion            |       |     2 ||     2
 Stab: Sleeping          |     3 |     2 ||     5
  Eat: Chunk             |     2 |     9 ||    11
Armor: Skin              |    35 |    43 ||    78
Dodge: Dodged            |   105 |   131 ||   236
       Rpst.: Falchion   |    40 |    53 ||    93

Table legend:
 A = Non-vault XP
 B = Vault XP
 C = Vault XP percentage of total XP
 D = Non-vault monster count
 E = Vault monster count
 F = Vault count percentage of total count
                 A         B        C        D         E       F
            +---------+---------+-------+---------+---------+-------
      Total |     455 |      15 |   3.2 |      77 |       6 |   7.2
            +---------+---------+-------+---------+---------+-------
        D:1 |      39 |      15 |  27.8 |      22 |       6 |  21.4
        D:2 |      67 |       0 |   0.0 |      20 |       0 |   0.0
        D:3 |     122 |       0 |   0.0 |      27 |       0 |   0.0
        D:4 |     227 |       0 |   0.0 |       8 |       0 |   0.0
            +---------+---------+-------+---------+---------+-------
